 Dungeon Crawl Stone Soup version 0.31-a0-200-gbc41564c69 (webtiles) character file.

Game seed: 14127569408294701529

229 qw the Skirmisher (level 5, -1/30 HPs)
             Began as a Deep Elf Hunter on June 25, 2023.
             Slain by an orc
             ... wielding a +0 hand axe
              (6 damage)
             ... on level 3 of the Dungeon.
             The game lasted 00:00:52 (2232 turns).

qw the Skirmisher (Deep Elf Hunter)                 Turns: 2232, Time: 00:00:53

Health: -1/30      AC:  3    Str: 10    XL:     5   Next: 71%
Magic:  7/7        EV: 12    Int: 14    God:
Gold:   148        SH:  0    Dex: 18    Spells: 4/4 levels left

rFire   . . .        Y - +0 shortbow
rCold   . . .        (shield currently unavailable)
rNeg    . . .        c - +0 leather armour
rPois   .            (no helmet)
rElec   .            (no cloak)
rCorr   .            (no gloves)
SInv    .            (no boots)
Will    .....        (no amulet)
Stlth   ++           (no ring)
HPRegen 0.25/turn    (no ring)
MPRegen 0.10/turn

%: no passive effects
@: no status effects
A: no striking features
a: no special abilities


You were on level 3 of the Dungeon.
You visited 1 branch of the dungeon, and saw 3 of its levels.

You collected 181 gold pieces.
You spent 33 gold pieces at shops.


   Skills:
 + Level 1.8 Fighting
 - Level 9.0 Ranged Weapons
 - Level 3.0 Dodging
 - Level 1.2 Stealth


You had 4 spell levels left.
You didn't know any spells.
Your spell library was empty.

Inventory:

Hand Weapons
 Y - a +0 shortbow (weapon)
Armour
 c - a +0 leather armour (worn)
 d - a +0 ring mail
Potions
 a - a potion of curing
 b - a potion of lignification {unknown}
 e - a potion of haste

Dungeon Overview and Level Annotations

Branches:
Dungeon (3/15)

Altars:

Shops:
D:1 (   D:2 !


Message History

The arrow hits the adder but does no damage.
An orc comes into view. It is wielding a +0 war axe.
You shoot an arrow. The arrow barely misses the orc.
A bat comes into view.
You shoot an arrow. The arrow hits the orc.
You kill the orc!
You hear a shout!
The adder closely misses you.
An orc comes into view. It is wielding a +0 hand axe.
The adder misses you.
You shoot an arrow. The arrow closely misses the adder.
The adder closely misses you.
You shoot an arrow. The arrow closely misses the adder.
The arrow hits the bat.
You kill the bat!
The orc hits you with a +0 war axe. The adder closely misses you.
The orc barely misses you.
You shoot an arrow. The arrow hits the adder!
The adder is almost dead.
The adder barely misses you. The orc hits you with a +0 war axe.
The adder closely misses you.
You shoot an arrow. The arrow barely misses the adder.
The adder bites you. The orc misses you.
You shoot an arrow. The arrow barely misses the adder.
The arrow barely misses the orc.
The adder closely misses you.
You shoot an arrow. The arrow barely misses the adder.
The arrow hits the orc.
The orc is lightly wounded.
The orc barely misses you. The adder misses you.
You shoot an arrow. The arrow hits the adder!
You kill the adder!
The orc hits you but does no damage. The orc hits you with a +0 war axe.
The orc closely misses you. The orc hits you with a +0 hand axe.
You shoot an arrow. The arrow hits the orc.
The orc is moderately wounded.
The orc closely misses you. The orc hits you with a +0 war axe!
You shoot an arrow.
The arrow hits the orc but does no damage.
The orc is moderately wounded.
The orc hits you with a +0 hand axe.
You die...

###### #....##
# #.....
##..#..%.#
#.....o%o# #@#
#.## ##..#
#...## #..#..##
...##.##.##
....#.} #..#
...# ##.##..###
....
..#......######


You could see 2 orcs.

Vanquished Creatures
  Natasha (thrice) (D:3)
  An orc wizard (D:3)
  Ijyb (D:3)
  An adder (D:3)
  2 worms (D:2)
  3 dart slugs
  6 orcs (D:3)
  9 bats
  4 endoplasms
  2 giant cockroaches (D:1)
  14 goblins
  10 hobgoblins
  3 jackals (D:1)
  5 kobolds
  4 quokkas
  4 ball pythons
  A frilled lizard (D:2)
  3 rats
76 creatures vanquished.

Notes
Turn   | Place    | Note
-------+----------+-------------------------------------------
     0 | D:1      | qw the Deep Elf Hunter began the quest for the Orb.
     0 | D:1      | Reached XP level 1. HP: 12/12 MP: 3/3
     0 | D:1      | 0 ||| qw: Version: 0.3-a-22-g0ed2b0b
     0 | D:1      | 0 ||| qw: Game counter: 5527
     0 | D:1      | 0 ||| qw: Melee chars always use a shield: true
     0 | D:1      | 0 ||| qw: God list: Okawaru
     0 | D:1      | 0 ||| qw: Allow faded altars: false
     0 | D:1      | 0 ||| qw: Do Orc after clearing Dungeon:15 true
     0 | D:1      | 0 ||| qw: Do second Lair branch before Depths: true
     0 | D:1      | 0 ||| qw: Lair rune preference: random
     0 | D:1      | 0 ||| qw: Goals: Normal
     0 | D:1      | 0 ||| PLANNING D:1-11
   168 | D:1      | Found a faded altar of an unknown god.
   322 | D:1      | Reached skill level 6 in Ranged Weapons
   322 | D:1      | Reached XP level 2. HP: 16/16 MP: 4/4
   327 | D:1      | Found Eguwom's Weapon Emporium.
   380 | D:1      | 380 ||| Stepping ~*~*~tactically~*~*~ (water).
   877 | D:1      | Reached XP level 3. HP: 20/20 MP: 5/5
  1170 | D:1      | 1170 ||| READING scroll labelled HOCHET QEAXT.
  1171 | D:1      | 1171 ||| READING 3 scrolls labelled ORCHEMNAMMIWK.
  1174 | D:1      | 1174 ||| DROPPING scroll of butterflies.
  1241 | D:2      | Found Abeo's Distillery.
  1248 | D:2      | 1248 ||| SHOPLISTING potion of cancellation (88 gold, have
                  | 60).
  1248 | D:2      | 1248 ||| BUYING potion of curing (33 gold).
  1248 | D:2      | Bought a potion of curing for 33 gold pieces
  1248 | D:2      | 1248 ||| SHOPLISTING potion of haste (110 gold, have 27).
  1248 | D:2      | 1248 ||| SHOPLISTING potion of heal wounds (55 gold, have
                  | 27).
  1249 | D:2      | 1249 ||| Stepping ~*~*~tactically~*~*~ (water).
  1310 | D:2      | Reached skill level 7 in Ranged Weapons
  1734 | D:2      | 1734 ||| DRINKING 2 amethyst potions.
  1746 | D:3      | Reached XP level 4. HP: 25/25 MP: 6/6
  1782 | D:3      | Noticed Ijyb
  1787 | D:3      | Paralysed by Ijyb for 2 turns
  1793 | D:3      | Killed Ijyb
  1839 | D:3      | Reached skill level 8 in Ranged Weapons
  1999 | D:3      | Reached XP level 5. HP: 23/29 MP: 7/7
  2056 | D:3      | Noticed Natasha
  2065 | D:3      | HP: 7/29 [Natasha/magic dart (7)]
  2066 | D:3      | 2066 ||| READING 2 scrolls of teleportation.
  2068 | D:3      | Killed Natasha
  2083 | D:3      | Noticed Natasha
  2088 | D:3      | Killed Natasha
  2089 | D:3      | Reached skill level 9 in Ranged Weapons
  2100 | D:3      | Noticed Natasha
  2109 | D:3      | HP: 4/29 [Natasha (7)]
  2110 | D:3      | 2110 ||| READING scroll of teleportation.
  2113 | D:3      | Killed Natasha
  2114 | D:3      | Reached skill level 3 in Dodging
  2231 | D:3      | HP: 5/30 [orc/+0 war axe (10)]
  2232 | D:3      | Slain by an orc

Levels and vault maps discovered:
D:1:      saegor_arrival_fortress, layout_basic, serial_shops, shop,
          chequers_ecumenical_altar_simple, serial_bayou, serial_bayou_lake_a,
          serial_bayou_shore_b, serial_bayou_ford_a, serial_bayou_pond_a
D:2:      layout_basic, serial_shops, nicolae_shop_industrial_runoff
D:3:      cheibrodos_greedy_goblins, layout_rooms, grunt_ministairs_8,
          grunt_decor_one_mirror, uniq_natasha, uniq_ijyb

Skill      XL: |  1  2  3  4  5 |
---------------+----------------+-----
Ranged Weapons | 6 7 8 9 |  9.0
Dodging        | 3 |  3.0
Fighting       | |  1.8
Stealth        | |  1.2

Action                     |  1- 3 |  4- 6 || total
---------------------------+-------+-------++-------
   Fire: Shortbow          |   136 |   104 ||   240
    Use: Scroll            |     2 |     2 ||     4
         Potion            |     1 |       ||     1
 Armour: Leather armour    |     7 |    10 ||    17
  Dodge: Dodged            |    24 |    39 ||    63

Table legend:
 A = Non-vault XP
 B = Vault XP
 C = Vault XP percentage of total XP
 D = Non-vault monster count
 E = Vault monster count
 F = Vault count percentage of total count
                 A         B        C        D         E       F
            +---------+---------+-------+---------+---------+-------
      Total |     240 |      88 |  26.8 |      64 |      12 |  15.8
            +---------+---------+-------+---------+---------+-------
        D:1 |      47 |       0 |   0.0 |      26 |       0 |   0.0
        D:2 |      49 |       0 |   0.0 |      22 |       0 |   0.0
        D:3 |     144 |      88 |  37.9 |      16 |      12 |  42.9
            +---------+---------+-------+---------+---------+-------
